 Dungeon Crawl Stone Soup version 0.30-a0-219-gf2db51d15e (webtiles) character file.

Game seed: 3368925986371759106

156 2tousent the Cudgeller (level 5, -1/48 HPs)
             Began as an Armataur Fighter on Oct 6, 2022.
             Slain by Pikel
             ... wielding a +0 whip of flaming
              (4 damage)
             ... on level 4 of the Dungeon.
             The game lasted 00:04:11 (2593 turns).

2tousent the Cudgeller (Armataur Fighter)           Turns: 2593, Time: 00:04:12

Health: -1/48      AC:  6    Str: 23    XL:     5   Next: 15%
Magic:  5/5        EV:  7    Int:  8    God:
Gold:   155        SH:  9    Dex: 10    Spells: 4/4 levels left

rFire   . . .      SeeInvis .    a - +0 flail
rCold   . . .      Faith    .    c - +0 buckler
rNeg    . . .      Spirit   .    b - +0 scale mail
rPois   .          Reflect  +    (no helmet)
rElec   .          Harm     .    (no cloak)
rCorr   .          Roll     +    (no gloves)
Will    .....                    (no barding)
Stlth   ..........               e - amulet of reflection
HPRegen 0.28/turn                (no ring)
MPRegen 0.09/turn                (no ring)

@: no status effects
A: large, rugged brown scales 3, deformed body, armoured tail, roll, long
tongue, awkward tongue
a: no special abilities


You were on level 4 of the Dungeon.
You visited 1 branch of the dungeon, and saw 4 of its levels.

You collected 155 gold pieces.

Inventory:

Hand Weapons
 a - a +0 flail (weapon)
Armour
 b - a +0 scale mail (worn)
 c - a +0 buckler (worn)
Jewellery
 e - an amulet of reflection (around neck)
 f - a ring of protection from cold
 o - an amulet of guardian spirit
 p - an amulet of magic regeneration
Scrolls
 i - a scroll of amnesia
 j - a scroll of blinking
 k - a scroll of identify
Potions
 d - a potion of might
 g - a potion of brilliance
 h - a potion of attraction
 m - a potion of lignification
 n - a potion of cancellation


   Skills:
 - Level 3.0 Fighting
 + Level 4.7 Maces & Flails
 - Level 3.6 Armour
 - Level 3.2 Shields


You had 4 spell levels left.
You didn't know any spells.
Your spell library contained the following spells:

 Spells                   Type           Power      Damage    Failure   Level
 Call Canine Familiar     Summ           0%         N/A       99%         3
 Portal Projectile        Hex/Tloc       0%         N/A       99%         3
 Leda's Liquefaction      Hex/Erth       0%         N/A       100%        4


Dungeon Overview and Level Annotations

Branches:
Dungeon (4/15)
 Temple: D:4-7

Altars:

Annotations:
D:4 Pikel


Innate Abilities, Weirdness & Mutations

You are completely covered in rugged brown scales. (AC +3, +7% HP)
Armour fits poorly on your strangely shaped body.
You have a long armoured tail.
You roll when moving toward enemies. (Rampage)
Your long tongue fully drains potion bottles. (2x potion effects)
Your tongue gives you trouble enunciating. (1.5x scroll delay)


Message History

Pikel is moderately wounded.
You block Pikel's attack.
You barely miss Pikel.
Pikel is moderately wounded.
Pikel hits you with a +0 whip of flaming.
Pikel burns you. Pikel completely misses you.
You thump Pikel!
Pikel is heavily wounded.
You block Pikel's attack.
You hit Pikel but do no damage.
Pikel is heavily wounded.
You block Pikel's attack.
You closely miss Pikel.
Pikel is heavily wounded.
Pikel hits you but does no damage.
You sock Pikel!
Pikel is severely wounded.
Pikel hits you with a +0 whip of flaming!
Pikel burns you.
A lemure comes into view.
Pikel hits you with a +0 whip of flaming.
Pikel burns you.
You closely miss Pikel.
Pikel is severely wounded.
You block Pikel's attack.
You closely miss Pikel.
Pikel is severely wounded.
Pikel hits you with a +0 whip of flaming.
* * * LOW HITPOINT WARNING * * *
Pikel burns you.
* * * LOW HITPOINT WARNING * * *
You closely miss Pikel.
Your tail-slap misses Pikel.
Pikel is severely wounded.
You block Pikel's attack.
You hit Pikel but do no damage.
Pikel is severely wounded.
Pikel hits you with a +0 whip of flaming!
* * * LOW HITPOINT WARNING * * *
Pikel burns you.
You die...

....... #....#........
........# #....#...[....
.........# +....#........
..........# #....#........
..........#+###..###........
.........#..##'##....####..
#......5#...#..#....'..#..
#......5K)..'..'....#..#..
#...>..†#@.##..#...)####..
#$......#..##..#......####
#....5..#...+..#......#
#.......#...#..#......#
#..5....+...#..+......+
+.......#...#..#......#
#....<..#.###.##......#
...######### ####.... ....
+.....


You could see Pikel and 2 lemures.

Vanquished Creatures
  An orc priest (D:4)
  A gnoll (D:1)
  3 adders
  A worm (D:2)
  A dart slug (D:2)
  13 orcs
  4 endoplasms
  5 giant cockroaches
  8 goblins
  5 hobgoblins (D:2)
  5 quokkas
  7 ball pythons
  4 bats
  2 frilled lizards
  6 kobolds
  2 rats
68 creatures vanquished.

Notes
Turn   | Place    | Note
-------+----------+-------------------------------------------
     0 | D:1      | 2tousent the Armataur Fighter began the quest for the Orb.
     0 | D:1      | Reached XP level 1. HP: 19/19 MP: 1/1
    58 | D:1      | Reached skill level 2 in Maces & Flails
    58 | D:1      | Reached XP level 2. HP: 23/27 MP: 2/2
   545 | D:1      | Found a faded altar of an unknown god.
   611 | D:2      | Reached skill level 3 in Maces & Flails
   611 | D:2      | Reached XP level 3. HP: 20/33 MP: 3/3
  1278 | D:2      | Reached XP level 4. HP: 27/40 MP: 4/4
  1825 | D:3      | Reached skill level 4 in Maces & Flails
  2555 | D:4      | Reached XP level 5. HP: 46/48 MP: 5/5
  2572 | D:4      | Noticed a lemure
  2573 | D:4      | Noticed Pikel
  2573 | D:4      | Noticed a lemure
  2574 | D:4      | Noticed a lemure
  2589 | D:4      | Noticed a lemure
  2593 | D:4      | Slain by Pikel

Illustrated notes

Levels and vault maps discovered:
D:1:      saegor_arrival_simple_e, layout_basic,
          hellmonk_ecumenical_altar_heavens_door, corexii_corridor_pit
D:2:      kennysheep_six_static_rooms, layout_basic,
          hangedman_decor_clover_reticule, serial_bayou_pond_b,
          minmay_hexomino_p4
D:3:      layout_loops_ring, minmay_goblin_outpost
D:4:      layout_gridville, uniq_pikel

Skill      XL: |  1  2  3  4 |
---------------+-------------+-----
Fighting       | 3 |  3.0
Maces & Flails | 2 3 4 |  4.7
Armour         | |  3.6
Shields        | |  3.2

Action                   |  1- 3 |  4- 6 || total
-------------------------+-------+-------++-------
Melee: Flail             |   113 |   105 ||   218
       Tailslap          |    14 |    11 ||    25
  Use: Scroll            |       |     9 ||     9
Armor: Scale mail        |    59 |    33 ||    92
Dodge: Dodged            |    47 |    30 ||    77
Block: Buckler           |    19 |    60 ||    79
       Reflection        |       |     4 ||     4

Table legend: (Time is in decaauts)
 A = Elapsed time spent in this place.
 B = Non-inter-level travel time spent in this place.
 C = Inter-level travel time spent in this place.
 D = Time resting spent in this place.
 E = Time spent auto-exploring this place.
 F = Levels seen in this place.
 G = Mean time per level.
                   A        B        C        D        E       F      G
               +--------+--------+--------+--------+--------+-----+--------+
         Total |   2658 |   2603 |     55 |      0 |   2114 |   4 |  664.5 |
       Dungeon |   2658 |   2603 |     55 |      0 |   2114 |   4 |  664.5 |
               +--------+--------+--------+--------+--------+-----+--------+

Top non-repeatable levels by time:
     D:2: 1064 daAuts
     D:3: 758 daAuts
     D:1: 602 daAuts
     D:4: 232 daAuts
